 Dungeon Crawl Stone Soup version 0.31.0-11-ge490571c62 (webtiles) character file.

Game seed: 9774156751566586593

1289 qw the Skirmisher (level 8, -2/40 HPs)
             Began as a Spriggan Hunter on Feb 3, 2024.
             Was an Initiate of Okawaru.
             Slain by a gnoll sergeant
             ... wielding a +0 spear
              (13 damage)
             ... on level 6 of the Dungeon.
             The game lasted 00:00:18 (4024 turns).

qw the Skirmisher (Spriggan Hunter)                 Turns: 4024, Time: 00:00:19

Health: -2/40      AC:  3    Str:  7    XL:     8   Next: 30%
Magic:  9/9        EV: 23    Int: 10    God:    Okawaru [......]
Gold:   76         SH:  0    Dex: 21    Spells: 7/7 levels left

rFire   . . .        m - +0 arbalest
rCold   . . .        (shield currently unavailable)
rNeg    . . .        c - +1 robe
rPois   .            (helmet restricted)
rElec   .            (no cloak)
rCorr   .            (gloves unavailable)
SInv    +            (boots unavailable)
Will    ++...        (no amulet)
Stlth   ++           l - ring of willpower
HPRegen 0.26/turn    (no ring)
MPRegen 0.11/turn

%: no passive effects
@: very quick
A: very small, no large weapons, unfitting armour, see invisible, speed 3
a: Renounce Religion


You were on level 6 of the Dungeon.
You worshipped Okawaru.
Okawaru was noncommittal.
You visited 1 branch of the dungeon, and saw 6 of its levels.
You also visited: Sewer.

You collected 191 gold pieces.
You spent 115 gold pieces at shops.


Innate Abilities, Weirdness & Mutations

You are very small and have problems with some larger weapons.
You are too small for most types of armour.
You have supernaturally acute eyesight. (SInv)
You cover ground extremely quickly. (Speed+++)


   Skills:
 - Level 3.2 Fighting
 + Level 8.5 Ranged Weapons
 - Level 8.0 Dodging
 - Level 1.5 Stealth


You had 7 spell levels left.
You didn't know any spells.
Your spell library was empty.

Inventory:

Hand Weapons
 m - a +0 arbalest (weapon)
Armour
 c - a +1 robe (worn)
Jewellery
 l - a ring of willpower (left hand)
Wands
 f - a wand of flame (17)
 j - a wand of polymorph (8)
Potions
 e - a potion of mutation
 g - a potion of curing
 n - a potion of cancellation {unknown}

Dungeon Overview and Level Annotations

Branches:
Dungeon (6/15)              Sewer (visited)
 Temple: D:4-7

Altars:
Okawaru

Shops:
D:4 *


Message History

You shoot a bolt. The bolt hits the orc wizard!
You kill the orc wizard!
Okawaru accepts your kill.
You hear a shout!
A gnoll comes into view. It is wielding a +0 club.
You hear a shout!
You shoot a bolt. The bolt hits the orc wizard!!
You kill the orc wizard!
Okawaru accepts your kill.
You shoot a bolt. The bolt closely misses the gnoll.
A gnoll sergeant comes into view. It is wielding a +0 spear.
You shoot a bolt. The bolt barely misses the gnoll.
The gnoll hits you with a +0 club.
The gnoll sergeant hits you from afar with a +0 spear!
The gnoll misses you.
A gnoll comes into view.
It is wielding a +0 whip and carrying a wand of paralysis.
You shoot a bolt. The bolt hits the gnoll!!
You kill the gnoll!
Okawaru accepts your kill. The gnoll sergeant misses you.
You shoot a bolt.
The bolt closely misses the gnoll sergeant.
The bolt barely misses the gnoll.
The gnoll sergeant hits you from afar with a +0 spear. x2
You shoot a bolt. The bolt barely misses the gnoll.
The bolt barely misses the gnoll sergeant.
The gnoll hits you with a +0 whip.
The gnoll sergeant hits you from afar with a +0 spear!
You shoot a bolt. The bolt hits the gnoll.
The gnoll is moderately wounded.
The gnoll sergeant barely misses you. x2; The gnoll zaps a wand.
You resist with almost no effort.
You shoot a bolt. The bolt hits the gnoll!!
You kill the gnoll!
Okawaru accepts your kill. The gnoll sergeant barely misses you.
You shoot a bolt.
The bolt barely misses the gnoll sergeant.
The gnoll sergeant hits you from afar with a +0 spear!
You die...

.. ..... .# .. .
....## ..#. .##.....#
... ... .......#. ....
##.. )........
#...##..## #g.......
.#...##...# ##...)...)
.....##...###$@.)....#
......#..............#
.........##.#........#
.##.....####.........
#....## ##....##.#
##<%..# #...## #
#.....# #..## #.....#
#### ####.##


You could see a gnoll sergeant.

Vanquished Creatures
  An ice beast (D:6)
  A black bear (D:5)
  A centaur (D:5)
  3 bullfrogs
  A scorpion (D:5)
  2 hounds (D:5)
  A bombardier beetle (D:4)
  A gnoll bouda (D:4)
  A sleepcap (D:4)
  2 iguanas (D:5)
  3 orc wizards (D:6)
  Natasha (twice) (D:4)
  Robin (D:3)
  11 gnolls
  14 adders
  3 river rats (D:5)
  2 ufetubi (D:5)
  8 dart slugs
  2 ribbon worms
  11 orcs (D:3)
  9 ball pythons
  7 bats
  9 endoplasms
  12 giant cockroaches
  21 goblins
  14 hobgoblins
  3 kobolds (D:1)
  6 quokkas
  8 frilled lizards
  9 rats
169 creatures vanquished.

Notes
Turn   | Place    | Note
-------+----------+-------------------------------------------
     0 | D:1      | qw the Spriggan Hunter began the quest for the Orb.
     0 | D:1      | Reached XP level 1. HP: 10/10 MP: 2/2
     0 | D:1      | 0 ||| qw: Version: 0.3-a-155-g5e7d8dd
     0 | D:1      | 0 ||| qw: Game counter: 3402
     0 | D:1      | 0 ||| qw: Melee chars always use a shield: true
     0 | D:1      | 0 ||| qw: God list: Okawaru
     0 | D:1      | 0 ||| qw: Allow faded altars: false
     0 | D:1      | 0 ||| qw: Do Orc after clearing Dungeon:15 true
     0 | D:1      | 0 ||| qw: Do second Lair branch before Depths: true
     0 | D:1      | 0 ||| qw: Lair rune preference: random
     0 | D:1      | 0 ||| qw: Goals: Normal
     0 | D:1      | 0 ||| PLANNING D:1-11
    79 | D:1      | Reached skill level 3 in Dodging
   139 | D:1      | Reached XP level 2. HP: 14/14 MP: 3/3
   412 | D:1      | Reached XP level 3. HP: 18/18 MP: 4/4
   711 | D:1      | 711 ||| DROPPING amulet of magic regeneration.
   712 | D:1      | 712 ||| READING 3 scrolls labelled SUULAC JIA.
   712 | D:1      | 712 ||| IDENTIFYING fuming emerald potion
   713 | D:1      | 713 ||| READING 2 scrolls of identify.
   713 | D:1      | 713 ||| IDENTIFYING glowing silvery potion
   714 | D:1      | 714 ||| READING scroll of identify.
   714 | D:1      | 714 ||| IDENTIFYING bubbling golden potion
   715 | D:1      | 715 ||| READING scroll labelled ILUTED VIUN.
   719 | D:1      | 719 ||| READING scroll labelled HUILUKU IPSAU.
   719 | D:1      | 719 ||| BRANDING +0 shortbow.
   720 | D:1      | 720 ||| DROPPING scroll of butterflies.
   757 | D:2      | Found a faded altar of an unknown god.
   965 | D:2      | Reached XP level 4. HP: 22/22 MP: 5/5
  1232 | D:2      | 1232 ||| READING scroll of identify.
  1232 | D:2      | 1232 ||| IDENTIFYING bubbling emerald potion
  1233 | D:2      | 1233 ||| DRINKING 2 metallic golden potions.
  1234 | D:2      | 1234 ||| DROPPING potion of invisibility.
  1235 | D:2      | 1235 ||| DROPPING potion of lignification.
  1449 | D:3      | Noticed Robin
  1457 | D:3      | Killed Robin
  1461 | D:3      | 1461 ||| FLEEEEING.
  1525 | D:3      | Reached XP level 5. HP: 26/26 MP: 6/6
  1937 | D:3      | 1937 ||| DROPPING ring of magical power.
  1938 | D:3      | 1938 ||| READING scroll labelled TAOHUD ATHEO.
  1939 | D:3      | 1939 ||| READING scroll labelled ASAURO KAHEKAA.
  2324 | D:4      | Reached skill level 6 in Ranged Weapons
  2325 | D:4      | Reached XP level 6. HP: 30/30 MP: 7/7
  2341 | D:4      | HP: 4/30 [gnoll/+0 spear[a gnoll bouda] (4)]
  2342 | D:4      | 2342 ||| DRINKING potion of heal wounds.
  2392 | D:4      | Noticed Natasha
  2395 | D:4      | Killed Natasha
  2396 | D:4      | Reached skill level 6 in Dodging
  2438 | D:4      | Noticed Natasha
  2444 | D:4      | Killed Natasha
  2581 | D:4      | Found Gifrunn's Assorted Antiques.
  2590 | D:4      | 2590 ||| BUYING arbalest (81 gold).
  2590 | D:4      | Bought an arbalest for 81 gold pieces
  2590 | D:4      | 2590 ||| SHOPLISTING potion of heal wounds (90 gold, have
                  | 54).
  2590 | D:4      | 2590 ||| BUYING red potion (16 gold).
  2590 | D:4      | Bought a red potion for 16 gold pieces
  2590 | D:4      | 2590 ||| BUYING scroll labelled YTUEH OTAISIMP (18 gold).
  2590 | D:4      | Bought a scroll labelled YTUEH OTAISIMP for 18 gold pieces
  2590 | D:4      | 2590 ||| SHOPLISTING thick cabochon amulet (90 gold, have
                  | 20).
  2590 | D:4      | 2590 ||| SWAPPING to +0 arbalest.
  2591 | D:4      | 2591 ||| DROPPING +0 shortbow of electrocution.
  2625 | D:4      | 2625 ||| UPGRADING to ring of willpower.
  2626 | D:4      | 2626 ||| READING 2 scrolls of identify.
  2626 | D:4      | 2626 ||| IDENTIFYING fuming white potion
  2627 | D:4      | 2627 ||| READING scroll of identify.
  2627 | D:4      | 2627 ||| IDENTIFYING silvery potion
  2628 | D:4      | 2628 ||| READING scroll labelled UDIWON VOLEATH.
  2629 | D:4      | 2629 ||| READING scroll labelled INIOTT IRAWKUURO.
  2630 | D:4      | 2630 ||| READING scroll labelled YTUEH OTAISIMP.
  2631 | D:4      | 2631 ||| DROPPING potion of ambrosia.
  2632 | D:4      | 2632 ||| DROPPING potion of attraction.
  2654 | D:5      | Entered Level 5 of the Dungeon
  2655 | D:5      | 2655 ||| PLANNING SEWER
  2660 | D:5      | Reached XP level 7. HP: 35/35 MP: 8/8
  2907 | D:5      | Found an iron altar of Okawaru.
  3259 | D:5      | Found a glowing drain.
  3287 | D:5      | 3287 ||| DROPPING scarf of invisibility.
  3288 | D:5      | 3288 ||| READING scroll labelled WOORIKLY BEHU.
  3293 | Sewer    | Entered a sewer
  3480 | Sewer    | Reached XP level 8. HP: 39/39 MP: 9/9
  3678 | Sewer    | 3678 ||| READING scroll labelled UZALYO AGYOM.
  3678 | Sewer    | 3678 ||| ENCHANTING +0 robe.
  3698 | D:5      | 3698 ||| PLANNING OKAWARU WORSHIP
  3773 | D:5      | Became a worshipper of Warmaster Okawaru
  3774 | D:5      | 3774 ||| PLANNING D:1-11
  3889 | D:6      | 3889 ||| STAIRDANCE
  3905 | D:6      | Reached skill level 3 in Fighting
  4021 | D:6      | HP: 10/40 [gnoll sergeant/+0 spear (7)]
  4024 | D:6      | Slain by a gnoll sergeant

Levels and vault maps discovered:
D:1:      wander_arrival_lonely_grave, layout_basic
D:2:      kennysheep_big_flooded_room, layout_loops_cross,
          hellmonk_ecumenical_altar_arch_garden
D:3:      layout_loops_ring, uniq_robin
D:4:      layout_loops_ring, serial_shops, shop, uniq_natasha
D:5:      layout_basic, okawaru_altar_gauntlet_db, portal_sewer_entry_e,
          kb_lookout_dungeons_type, minmay_misc_feat_square
D:6:      layout_cave_pools, nicolae_overflow_macrodata_refinement

Skill      XL: |  1  2  3  4  5  6  7  8 |
---------------+-------------------------+-----
Dodging        | 3 4 5 6 8 |  8.0
Ranged Weapons | 5 6 7 8 |  8.5
Fighting       | 2 3 |  3.2
Stealth        | |  1.5

Action                     |  1- 3 |  4- 6 |  7- 9 || total
---------------------------+-------+-------+-------++-------
   Fire: Shortbow          |   129 |   173 |       ||   302
         Arbalest          |       |     5 |   140 ||   145
    Use: Scroll            |     5 |     8 |     2 ||    15
         Potion            |       |     2 |       ||     2
 Armour: Robe              |    24 |    27 |    18 ||    69
  Dodge: Dodged            |    89 |    70 |    93 ||   252

Table legend:
 A = Non-vault XP
 B = Vault XP
 C = Vault XP percentage of total XP
 D = Non-vault monster count
 E = Vault monster count
 F = Vault count percentage of total count
                 A         B        C        D         E       F
            +---------+---------+-------+---------+---------+-------
      Total |    1292 |     550 |  29.9 |     113 |      56 |  33.1
            +---------+---------+-------+---------+---------+-------
        D:1 |      53 |       0 |   0.0 |      30 |       0 |   0.0
        D:2 |      68 |       4 |   5.6 |      18 |       2 |  10.0
        D:3 |      95 |      33 |  25.8 |      25 |      11 |  30.6
        D:4 |     279 |      35 |  11.1 |      21 |       1 |   4.5
        D:5 |     427 |     222 |  34.2 |      11 |      15 |  57.7
        D:6 |     370 |       0 |   0.0 |       8 |       0 |   0.0
      Sewer |       0 |     256 | 100.0 |       0 |      27 | 100.0
            +---------+---------+-------+---------+---------+-------
